 Dungeon Crawl Stone Soup version 0.28-a0-983-g1de4e0787c (webtiles) character file.

Game seed: 11100045916785716527

1906 emperorscorpion the Magician (level 9, -1/59 HPs)
             Began as a Djinni Arcane Marksman on Dec 1, 2021.
             Slain by an orc warrior (3 damage)
             ... on level 6 of the Dungeon on Dec 2, 2021.
             The game lasted 00:26:45 (7278 turns).

emperorscorpion the Magician (DjAM)                 Turns: 7278, Time: 00:26:46

Health: -1/59      AC:  5    Str:  9    XL:     9   Next: 38%
Gold:   171        EV: 13    Int: 19    God:
                   SH:  0    Dex: 14

rFire   + + +      SeeInvis .   a - +0 shortbow
rCold   x . .      Faith    .   (shield currently unavailable)
rNeg    . . .      Spirit   .   e - +1 leather armour {rC+}
rPois   ∞          Reflect  .   (no helmet)
rElec   .          Harm     .   (no cloak)
rCorr   .          Rampage  .   k - +0 pair of gloves
Will    .....                   (boots unavailable)
Stlth   ++........              (no amulet)
HPRegen 0.19/turn               n - ring of fire
MPRegen 0.00/turn               (no ring)

@: flying, hasted, very quick
A: sickness immunity, fire resistance 2, cold vulnerability 1, float, innate
caster, hp casting, extra vitality 1
a: no special abilities


You were on level 6 of the Dungeon.
You visited 1 branch of the dungeon, and saw 6 of its levels.

You collected 171 gold pieces.

Inventory:

Hand Weapons
 a - a +0 shortbow (weapon)
 b - a +1 morningstar of draining
 t - a +1 dagger
 v - a +1 dagger of draining
Missiles
 c - 35 arrows (quivered ammo)
 l - 26 poisoned darts
 o - 6 boomerangs
 u - 5 javelins
Armour
 d - a +0 robe
 e - a +1 leather armour of cold resistance (worn)
 f - +1 acid dragon scales
 k - a +0 pair of gloves (worn)
 r - a +0 buckler
Jewellery
 n - a ring of fire (left hand)
 x - an amulet of faith
Wands
 i - a wand of iceblast (9)
Scrolls
 h - 4 scrolls of identify
 m - a scroll of enchant weapon
Potions
 g - a potion of resistance
 j - 3 potions of flight
 q - a potion of berserk rage


   Skills:
 + Level 2.7 Fighting
 + Level 4.1 Bows
 + Level 4.0 Armour
 + Level 4.7 Dodging
 + Level 1.7 Stealth
 + Level 6.7 Spellcasting


You couldn't memorise any spells.
You knew the following spells:

 Your Spells              Type           Power      Damage    Failure   Level
a - Foxfire               Conj/Fire      100%       2x1d9     1%          1
b - Inner Flame           Hex/Fire       48%        N/A       2%          3
c - Portal Projectile     Hex/Tloc       64%        N/A       2%          3
d - Cause Fear            Hex            16%        N/A       9%          4
e - Slow                  Hex            100%       N/A       1%          1
f - Searing Ray           Conj           64%        2d6       1%          2
g - Dazzling Flash        Conj/Hex       64%        N/A       2%          3
h - Hailstorm             Conj/Ice       32%        3d8       9%          4
Your spell library was empty.

Dungeon Overview and Level Annotations

Branches:
Dungeon (6/15)             Temple (0/1) D:6

Altars:
Ashenzari
Dithmenos
Nemelex Xobeh

Annotations:
D:6 Prince Ribbit


Innate Abilities, Weirdness & Mutations

You are immune to sickness and miasma.
You are immune to poison.
Your flesh is very heat resistant. (rF++)
You are vulnerable to cold. (rC-)
You float through the air rather than walking.
You learn spells naturally, not from books.
Your magical power is your life essence.
You have superior vitality. (+4 HP)


Message History

The foxfire hits the orc warrior.
The orc warrior is moderately wounded.
The foxfire hits the orc warrior.
The orc warrior is moderately wounded.
The orc warrior closely misses you.
Unknown command.
You feel much better.
The foxfire hits the orc warrior but does no damage.
The orc warrior is moderately wounded.
The orc warrior hits you from afar with a +0 trident.
The orc warrior hits you from afar with a +0 trident!
Casting: Foxfire (safe; 1% risk of failure)
Confirm with . or Enter, or press ? or * to list all spells.
Casting: Dazzling Flash (dangerous; 2% risk of failure)
Press: ? - help, Dir - look around, f - activate The orc warrior hits you from afar with a +0 trident!
* * * LOW HITPOINT WARNING * * *
Unknown command.
Casting: Dazzling Flash (dangerous; 2% risk of failure)
Confirm with . or Enter, or press ? or * to list all spells.
Casting: Dazzling Flash (dangerous; 2% risk of failure)
Press: ? - help, Dir - look around, f - activate The orc warrior is dazzled.
* * * LOW HITPOINT WARNING * * *
The orc warrior hits you from afar with a +0 trident.
* * * LOW HITPOINT WARNING * * *
The orc warrior misses you. The orc warrior closely misses you.
The orc warrior is no longer blind.
The orc warrior hits you from afar with a +0 trident.
* * * LOW HITPOINT WARNING * * *
Okay, then.
This is a scroll of acquirement!
Something appears before you! The orc warrior closely misses you.
The orc warrior hits you from afar with a +0 trident.
* * * LOW HITPOINT WARNING * * *
Okay, then.
You feel yourself speed up.
The orc warrior hits you from afar with a +0 trident.
You die...

###.#..).(.....#
#.#..........#########
###.#.....[...)#..))...#
#.[.##.....).....#####.o.#
#.###......[....## ###..o.
#.# #....).....## ...
##.###..>.......# .
#..#...)........####
.....#..........@..#
..#####........###o## #
..# ##......## #..# #.#
..# ######## ##.#...# ..#
#...# ..# ##..# ..# ###
###


You could see an orc warrior (fast).

Vanquished Creatures
  Maggie (D:6)
  An orc warrior (D:6)
  An ice beast (D:6)
  2 necrophages (D:6)
  The ghost of Ajdolov the Magician, an amateur NaWz (D:3)
  3 ogres
  Blork the orc (D:4)
  A scorpion (D:4)
  A water moccasin skeleton (D:5)
  A centaur zombie (D:5)
  3 hounds
  A bullfrog zombie (D:6)
  4 orc priests
  A centaur skeleton (D:5)
  3 bullfrog skeletons
  2 iguanas (D:6)
  4 orc wizards
  2 hound zombies (D:5)
  A hound skeleton (D:5)
  Robin (D:2)
  6 adders
  2 ufetubi (D:6)
  A worm (D:5)
  3 dart slugs
  14 orcs
  4 ball pythons
  2 bats (D:2)
  10 endoplasms
  2 giant cockroaches (D:3)
  14 goblins
  5 hobgoblins (D:2)
  8 jackals
  3 quokkas
  A frilled lizard (D:2)
  4 kobolds
  6 rats
120 creatures vanquished.

Vanquished Creatures (others)
  340 foxfires
340 creatures vanquished.

Grand Total: 460 creatures vanquished

Notes
Turn   | Place    | Note
-------+----------+-------------------------------------------
     0 | D:1      | emperorscorpion the Djinni Arcane Marksman began the quest
                  | for the Orb.
     0 | D:1      | Reached XP level 1. HP: 17/17 MP: 0/0
   203 | D:1      | Reached XP level 2. HP: 22/22 MP: 0/0
   221 | D:1      | Found a faded altar of an unknown god.
   974 | D:2      | Reached XP level 3. HP: 25/27 MP: 0/0
   974 | D:2      | Learned a level 1 spell: Foxfire
  1308 | D:2      | Noticed Robin
  1839 | D:2      | Reached skill level 1 in Armour
  2031 | D:2      | Reached XP level 4. HP: 29/32 MP: 0/0
  2129 | D:2      | Killed Robin
  2499 | D:3      | Found a transporter.
  2561 | D:3      | Noticed Ajdolov's ghost (amateur NaWz)
  2580 | D:3      | Found a transporter.
  2618 | D:3      | Killed Ajdolov's ghost
  2619 | D:3      | Reached skill level 3 in Spellcasting
  2619 | D:3      | Reached XP level 5. HP: 24/37 MP: 0/0
  2619 | D:3      | Learned a level 2 spell: Searing Ray
  2868 | D:3      | Reached XP level 6. HP: 31/42 MP: 0/0
  3339 | D:4      | Noticed Blork the orc
  3366 | D:4      | HP: 4/96 [Blork the orc (1)]
  3369 | D:4      | Killed Blork the orc
  3370 | D:4      | Reached XP level 7. HP: 6/49 MP: 0/0
  3370 | D:4      | Learned a level 3 spell: Dazzling Flash
  3820 | D:4      | Reached skill level 4 in Spellcasting
  4342 | D:4      | Found a shadowy altar of Dithmenos.
  4669 | D:5      | Entered Level 5 of the Dungeon
  4988 | D:5      | Found a sparkling altar of Nemelex Xobeh.
  5082 | D:5      | Reached skill level 1 in Stealth
  5082 | D:5      | Reached XP level 8. HP: 43/54 MP: 0/0
  5599 | D:5      | Reached skill level 5 in Spellcasting
  6193 | D:6      | Found a broken altar of Ashenzari.
  6227 | D:6      | Noticed Maggie
  6255 | D:6      | Killed Maggie
  6256 | D:6      | Reached skill level 6 in Spellcasting
  6256 | D:6      | Reached XP level 9. HP: 17/59 MP: 0/0
  6256 | D:6      | Learned a level 4 spell: Hailstorm
  6521 | D:6      | Found a staircase to the Ecumenical Temple.
  6669 | D:6      | Noticed Prince Ribbit
  6674 | D:5      | Upgraded the game from 0.28-a0-973-ga7f8b01127 to
                  | 0.28-a0-983-g1de4e0787c
  7277 | D:6      | Identified a scroll of acquirement
  7277 | D:6      | Acquired the +6 rapier "Cunourr" {flame, rN+ rCorr Int+4}
  7277 | D:6      | HP: 2/59 [orc warrior (2)]
  7278 | D:6      | Slain by an orc warrior

Illustrated notes

Levels and vault maps discovered:
D:1:      dpeg_arrival_water_temple_mockup, layout_basic,
          hellmonk_ecumenical_altar_lost_god
D:2:      layout_loops_ring, minmay_fractal_squares_gapless_5, uniq_robin
D:3:      layout_loops_cross, gammafunk_ghost_arena
D:4:      layout_basic, nicolae_overflow_crystal_walls, serial_glass,
          glass_columns_a, glass_columns_a, grunt_ministairs_14,
          uniq_blork_the_orc
D:5:      layout_basic, kennysheep_little_box
D:6:      layout_rooms, general_overflow_altar, minmay_temple_entry_mini_moons,
          dk_vineyard_2, uniq_maggie, uniq_prince_ribbit1

Skill      XL: |  1  2  3  4  5  6  7  8  9 |
---------------+----------------------------+-----
Bows           | 2 3 4 |  4.1
Armour         | 1 2 3 4 |  4.0
Spellcasting   | 3 4 6 |  6.7
Dodging        | 3 4 |  4.7
Fighting       | 2 |  2.7
Stealth        | 1 |  1.7

Action                   |  1- 3 |  4- 6 |  7- 9 || total
-------------------------+-------+-------+-------++-------
Melee: Dagger            |     6 |       |       ||     6
       Shortbow          |       |    12 |     1 ||    13
 Fire: Shortbow          |    53 |     9 |    24 ||    86
 Cast: Slow              |     9 |     2 |     7 ||    18
       Foxfire           |    26 |    50 |   129 ||   205
       Portal Projectile |       |     2 |     4 ||     6
       Searing Ray       |       |     1 |     8 ||     9
       Dazzling Flash    |       |       |     4 ||     4
       Inner Flame       |       |       |     2 ||     2
       Hailstorm         |       |       |     1 ||     1
  Use: Scroll            |     5 |     1 |     4 ||    10
       Potion            |     2 |     3 |     5 ||    10
Armor: Leather armour    |    23 |     6 |    19 ||    48
       Skin              |       |    13 |       ||    13
Dodge: Dodged            |    34 |    26 |    62 ||   122

Table legend: (Time is in decaauts)
 A = Elapsed time spent in this place.
 B = Non-inter-level travel time spent in this place.
 C = Inter-level travel time spent in this place.
 D = Time resting spent in this place.
 E = Time spent auto-exploring this place.
 F = Levels seen in this place.
 G = Mean time per level.
                   A        B        C        D        E       F      G
               +--------+--------+--------+--------+--------+-----+--------+
         Total |   7294 |   6935 |    359 |    825 |   5011 |   6 | 1215.7 |
       Dungeon |   7294 |   6935 |    359 |    825 |   5011 |   6 | 1215.7 |
               +--------+--------+--------+--------+--------+-----+--------+

Top non-repeatable levels by time:
     D:5: 1593 daAuts
     D:3: 1207 daAuts
     D:2: 1205 daAuts
     D:1: 1161 daAuts
     D:4: 1108 daAuts
     D:6: 1017 daAuts
